 Dungeon Crawl Stone Soup version 0.31.0-4-g52a2dc7128 (webtiles) character file.

Game seed: 17809630295596207227

164 zazu2006 the Fighter (level 5, 0/51 HPs)
             Began as a Gnoll Wanderer on Jan 22, 2024.
             Slain by an orc
             ... wielding a +0 mace
              (7 damage)
             ... on level 4 of the Dungeon.
             The game lasted 00:04:23 (2932 turns).

zazu2006 the Fighter (Gnoll Wanderer)               Turns: 2932, Time: 00:04:23

Health: 0/51       AC:  3    Str: 13    XL:     5   Next: 45%
Magic:  7/7        EV: 11    Int: 13    God:
Gold:   86         SH:  0    Dex: 10    Spells: 7/7 levels left

rFire   . . .        a - +3 hand axe
rCold   . . .        (no shield)
rNeg    . . .        e - +0 leather armour
rPois   .            (no helmet)
rElec   .            (no cloak)
rCorr   .            (no gloves)
SInv    .            (no boots)
Will    .....        (no amulet)
Stlth   +            (no ring)
HPRegen 0.28/turn    (no ring)
MPRegen 0.10/turn

%: no passive effects
@: no status effects
A: fangs 1, strong nose, distributed training
a: no special abilities


You were on level 4 of the Dungeon.
You visited 1 branch of the dungeon, and saw 4 of its levels.

You collected 125 gold pieces.
You spent 39 gold pieces at shops.

Inventory:

Hand Weapons
 a - a +3 hand axe (weapon)
Missiles
 b - 17 poisoned darts (quivered)
 g - 4 silver javelins
 m - 6 darts of dispersal
 v - 3 datura-tipped darts
Armour
 e - a +0 leather armour (worn)
Wands
 u - a wand of light (10)
Scrolls
 d - a scroll of vulnerability
 f - 7 scrolls of identify {unknown}
 h - 3 scrolls of enchant weapon {unknown}
 i - 2 scrolls of teleportation {unknown}
 k - a scroll of immolation {unknown}
 l - 2 scrolls of blinking {unknown}
 o - a scroll of brand weapon {unknown}
 s - a scroll of fog {unknown}
Potions
 c - a potion of invisibility {unknown}
 j - 2 potions of curing
 n - a potion of heal wounds {unknown}
 p - a potion of magic {unknown}
 q - a potion of lignification {unknown}
 r - 2 potions of might {unknown}
 t - a potion of attraction {unknown}


   Skills:
 + Level 8.6 Fighting
 + Level 1.6 Short Blades
 + Level 1.6 Long Blades
 + Level 6.7 Axes
 + Level 1.6 Maces & Flails
 + Level 1.6 Polearms
 + Level 1.6 Staves
 + Level 1.6 Ranged Weapons
 + Level 4.8 Throwing
 + Level 3.0 Armour
 + Level 1.6 Dodging
 + Level 1.6 Stealth
 + Level 1.6 Shields
 + Level 1.6 Unarmed Combat
 + Level 1.6 Spellcasting
 + Level 1.2 Conjurations
 + Level 1.2 Hexes
 + Level 1.2 Summonings
 + Level 1.2 Necromancy
 + Level 1.2 Translocations
 + Level 1.2 Fire Magic
 + Level 1.2 Ice Magic
 + Level 1.2 Air Magic
 + Level 1.2 Earth Magic
 + Level 1.2 Alchemy
 + Level 1.8 Invocations
 + Level 1.6 Evocations
 + Level 1.4 Shapeshifting


You had 7 spell levels left.
You didn't know any spells.
Your spell library contained the following spells:

 Spells                   Type           Power      Damage    Failure   Level
 Fugue of the Fallen      Necr           4%         N/A       52%         3
 Ozocubu's Armour         Ice            4%         N/A       52%         3
 Manifold Assault         Tloc           4%         N/A       89%         4
 Iskenderun's Battlesphe  Conj           4%         2d6       99%         5
 Bombard                  Conj/Erth      2%         9d1       100%        6
 Spellforged Servitor     Conj/Summ      2%         N/A       100%        7


Dungeon Overview and Level Annotations

Branches:
Dungeon (4/15)
 Temple: D:4-7

Altars:

Shops:
D:3 *=(!


Innate Abilities, Weirdness & Mutations

You have very sharp teeth.
Your uncanny sense of smell can sniff out nearby items.
Your experience applies equally to all skills.


Message History

You hit the orc but do no damage. You bite the orc, but do no damage.
The orc is moderately wounded.
You hit the orc but do no damage. x2
The orc hits you with a +1 hand axe of flaming.
The orc burns you. The orc barely misses you.
The orc hits you with a +0 hand axe.
You barely miss the orc.
The orc is moderately wounded.
You hit the orc.
You kill the orc!
You hit the orc but do no damage. The orc closely misses you.
The orc hits you with a +0 mace.
You completely miss the orc.
The orc is moderately wounded.
You barely miss the orc. The orc completely misses you.
The orc closely misses you.
You barely miss the orc.
The orc is moderately wounded.
You hit the orc.
The orc hits you with a +1 hand axe of flaming.
The orc burns you.
* * * LOW HITPOINT WARNING * * *
The orc hits you with a +0 mace.
* * * LOW HITPOINT WARNING * * *
A kobold comes into view. It is wielding a +0 short sword.
The kobold shouts!
You hit the orc but do no damage. You bite the orc, but do no damage.
The orc is moderately wounded.
You hit the orc.
The orc hits you with a +1 hand axe of flaming.
* * * LOW HITPOINT WARNING * * *
The orc burns you.
* * * LOW HITPOINT WARNING * * *
The orc barely misses you.
Okay, then.
You hit the orc.
The orc is almost dead.
You hit the orc. The orc hits you but does no damage.
The orc hits you with a +0 mace!
You die...

#................##....#
#......#†.........#.....
##.....#.......##.......
...............##.......
.............>.........
...................### ..
....#..............##....
...##.........##.........
.......#.....###@).##....
.......##.....$†oo..# ...
......# #....<......)...
...#### #.......##......∆
.....# S......K .....#
#..... #...... .....#
#..... ##..### ..#...
#...... #.. ##... ......


You could see 2 orcs and a kobold.

Vanquished Creatures
  A jelly (D:4)
  5 adders
  2 dart slugs
  2 ribbon worms (D:2)
  3 orcs
  3 bats
  8 endoplasms
  4 giant cockroaches
  8 goblins
  6 hobgoblins
  2 jackals (D:1)
  2 quokkas
  7 ball pythons
  3 frilled lizards
  10 kobolds
  8 rats
74 creatures vanquished.

Notes
Turn   | Place    | Note
-------+----------+-------------------------------------------
     0 | D:1      | zazu2006 the Gnoll Wanderer began the quest for the Orb.
     0 | D:1      | zazu2006 set off with the following items: a +3 hand axe,
                  | 10 poisoned darts, a +0 dagger, a scroll of vulnerability,
                  | a +0 leather armour.
     0 | D:1      | Reached XP level 1. HP: 26/26 MP: 1/1
   173 | D:1      | Reached XP level 2. HP: 27/33 MP: 2/2
   466 | D:1      | Reached XP level 3. HP: 38/38 MP: 3/3
   655 | D:1      | Found a faded altar of an unknown god.
   913 | D:2      | Reached skill level 1 in Invocations
  1157 | D:2      | Reached skill level 1 in Short Blades
  1157 | D:2      | Reached skill level 1 in Long Blades
  1157 | D:2      | Reached skill level 1 in Maces & Flails
  1157 | D:2      | Reached skill level 1 in Polearms
  1157 | D:2      | Reached skill level 1 in Staves
  1157 | D:2      | Reached skill level 1 in Ranged Weapons
  1157 | D:2      | Reached skill level 1 in Dodging
  1157 | D:2      | Reached skill level 1 in Stealth
  1157 | D:2      | Reached skill level 1 in Shields
  1157 | D:2      | Reached skill level 1 in Unarmed Combat
  1157 | D:2      | Reached skill level 1 in Spellcasting
  1157 | D:2      | Reached skill level 1 in Evocations
  1225 | D:2      | Reached skill level 1 in Shapeshifting
  1225 | D:2      | Reached XP level 4. HP: 45/45 MP: 5/5
  1811 | D:3      | Found Afuroy's Distillery.
  1814 | D:3      | Found Dufod's Weapon Boutique.
  1816 | D:3      | Bought a potion of curing for 39 gold pieces
  1832 | D:3      | Reached skill level 1 in Conjurations
  1832 | D:3      | Reached skill level 1 in Hexes
  1832 | D:3      | Reached skill level 1 in Summonings
  1832 | D:3      | Reached skill level 1 in Necromancy
  1832 | D:3      | Reached skill level 1 in Translocations
  1832 | D:3      | Reached skill level 1 in Fire Magic
  1832 | D:3      | Reached skill level 1 in Ice Magic
  1832 | D:3      | Reached skill level 1 in Air Magic
  1832 | D:3      | Reached skill level 1 in Earth Magic
  1832 | D:3      | Reached skill level 1 in Alchemy
  1900 | D:3      | Found Lifitis's Jewellery Shoppe.
  2065 | D:3      | Found Wystiuj's Assorted Antiques.
  2616 | D:4      | Reached XP level 5. HP: 19/51 MP: 5/7
  2932 | D:4      | Slain by an orc

Illustrated notes

Levels and vault maps discovered:
D:1:      amcnicky_arrival_underground_garden, layout_loops_ring,
          shapermc_ecumenical_altar_starsandcircs, minivault_14,
          grunt_decor_clamped, st_stairs_1
D:2:      minmay_diamond_boxcup, layout_basic
D:3:      layout_basic, serial_shops, shop, shop_statue, shop,
          nicolae_shop_peninsula, serial_forest, infiniplex_forest_join,
          infiniplex_forest_clump_tiny, infiniplex_forest_clump_C,
          infiniplex_forest_corner_1, infiniplex_forest_lined_4_way,
          infiniplex_forest_straight_3, infiniplex_forest_end_3
D:4:      layout_cave_pools, general_overflow_altar

Skill      XL: |  1  2  3  4  5 |
---------------+----------------+-----
Invocations    | 1 |  1.8
Short Blades   | 1 |  1.6
Long Blades    | 1 |  1.6
Maces & Flails | 1 |  1.6
Polearms       | 1 |  1.6
Staves         | 1 |  1.6
Ranged Weapons | 1 |  1.6
Dodging        | 1 |  1.6
Stealth        | 1 |  1.6
Shields        | 1 |  1.6
Unarmed Combat | 1 |  1.6
Spellcasting   | 1 |  1.6
Evocations     | 1 |  1.6
Shapeshifting  | 1 |  1.4
Conjurations   | 1 |  1.2
Hexes          | 1 |  1.2
Summonings     | 1 |  1.2
Necromancy     | 1 |  1.2
Translocations | 1 |  1.2
Fire Magic     | 1 |  1.2
Ice Magic      | 1 |  1.2
Air Magic      | 1 |  1.2
Earth Magic    | 1 |  1.2
Alchemy        | 1 |  1.2
Armour         | 3 |  3.0
Fighting       | |  8.6
Axes           | |  6.7
Throwing       | |  4.8

Action                     |  1- 3 |  4- 6 || total
---------------------------+-------+-------++-------
  Melee: Hand axe          |    91 |    92 ||   183
         Bite              |    12 |     8 ||    20
   Stab: Sleeping          |     1 |       ||     1
 Armour: Leather armour    |    44 |    59 ||   103
  Dodge: Dodged            |    42 |    57 ||    99
